 Dungeon Crawl Stone Soup version 0.30-a0-509-gd016549fea (webtiles) character file.

Game seed: 5975614081170235857

380 Goblin1989 the Basher (level 7, -1/38 HPs)
             Began as a Meteoran Reaver on Dec 22, 2022.
             Was a Follower of Ru.
             Succumbed to a scorpion's poison
             ... on level 4 of the Dungeon.
             The game lasted 00:05:06 (2244 turns).

Goblin1989 the Basher (Meteoran Reaver)             Turns: 2244, Time: 00:05:06

Health: -1/38      AC:  8    Str: 16    XL:     7   Next: 26%
Magic:  12/12      EV:  6    Int: 14    God:    Ru [*.....]
Gold:   178        SH:  3    Dex: 13    Spells: 10/11 levels left

rFire   + . .      SeeInvis .    a - +0 mace
rCold   + . .      Faith    .    o - +0 buckler
rNeg    . . .      Spirit   .    d - +0 chain mail
rPois   +          Reflect  .    (no helmet)
rElec   +          Harm     .    (no cloak)
rCorr   +          Rampage  .    (no gloves)
Will    .....                    (no boots)
Stlth   ..........               (no amulet)
HPRegen 0.26/turn                (no ring)
MPRegen 0.13/turn                (no ring)

@: lethally poisoned (-1 -> -14), resistant, glowing
A: sense surroundings 1, no earth magic, no hexes magic, no summoning magic,
otherworldly, glowing, explore regen
a: Renounce Religion


You were on level 4 of the Dungeon.
You worshipped Ru.
Ru was aware of your devotion.
You visited 1 branch of the dungeon, and saw 4 of its levels.

You collected 178 gold pieces.

Inventory:

Hand Weapons
 a - a +0 mace (weapon)
Armour
 d - a +0 chain mail (worn)
 n - a +0 plate armour
 o - a +0 buckler (worn)
Scrolls
 c - a scroll of fog {unknown}
 e - a scroll of fear {unknown}
 f - a scroll of brand weapon {unknown}
 h - a scroll of enchant weapon {unknown}
 p - a scroll of vulnerability {unknown}
 r - a scroll of teleportation {unknown}
 s - a scroll of magic mapping {unknown}
 u - a scroll of enchant armour {unknown}
Potions
 g - a potion of flight {unknown}
 i - a potion of brilliance {unknown}
 j - a potion of mutation {unknown}
 k - a potion of degeneration {unknown}
 l - 2 potions of resistance
 m - a potion of curing {unknown}
 q - a potion of attraction {unknown}
 t - a potion of might {unknown}


   Skills:
 - Level 2.1 Fighting
 + Level 9.7 Maces & Flails
 - Level 2.4 Dodging
 - Level 2.6 Spellcasting
 - Level 3.6 Conjurations


You had 10 spell levels left.
You knew the following spells:

 Your Spells              Type           Power      Damage    Failure   Level
a - Kiss of Death         Conj/Necr      24%        2d7       97%         1

Your spell library contained the following spells:

 Spells                   Type           Power      Damage    Failure   Level
 Momentum Strike          Conj/Tloc      12%        3d8       99%         2
 Apportation              Tloc           2%         N/A       100%        1
 Freeze                   Ice            4%         1d3       100%        1
 Necrotise                Necr           4%         1d4       100%        1
 Sting                    Tmut/Pois      4%         1d3       100%        1
 Poisonous Vapours        Pois/Air       2%         N/A       100%        2
 Frozen Ramparts          Ice            2%         1d1       100%        3
 Hailstorm                Conj/Ice       6%         3d4       100%        3
 Olgreb's Toxic Radiance  Pois           1%         N/A       100%        4
 Freezing Cloud           Conj/Ice/Air   2%         6-21      100%        5
 Simulacrum               Ice/Necr       0%         N/A       100%        6
 Polar Vortex             Ice            0%         N/A       100%        9
 Summon Small Mammal      Summ           Unusable   N/A       N/A         1

Dungeon Overview and Level Annotations

Branches:
Dungeon (4/15) Zot: 538    Temple (0/1) D:4

Altars:
Ashenzari
Cheibriados
Kikubaaqudgha
Makhleb
Ru


Innate Abilities, Weirdness & Mutations

You passively map a small area around you.
You cannot study or cast Earth magic.
You cannot study or cast Hexes magic.
You cannot study or cast Summoning magic.
You are easily found by Zot.
You glow in the dark.
You regain HP and MP as you explore.


Message History

No target in view!
You feel sick.
You feel sick.
You feel sick.
You are no longer poisoned.
HP restored.
A scorpion comes into view.
Health restored: 38 A scorpion is nearby!
A scorpion is nearby!
A scorpion is nearby!
The scorpion stings you.
You are poisoned.
The scorpion poisons you! The scorpion stings you.
You take 6 damage, and have 32/38 hp.
You barely miss the scorpion.
You feel sick. The scorpion stings you.
You take 5 damage, and have 27/38 hp.
You hit the scorpion but do no damage.
You feel sick.
The scorpion stings you but does no damage.
You take 2 damage, and have 25/38 hp.
You hit the scorpion.
The scorpion is lightly wounded.
You feel sick. The scorpion completely misses you.
You take 1 damage, and have 24/38 hp.
You hit the scorpion but do no damage.
The scorpion is lightly wounded.
You feel sick. The scorpion stings you.
You take 1 damage, and have 23/38 hp.
You hit the scorpion but do no damage.
The scorpion is lightly wounded.
The scorpion stings you.
You take 4 damage, and have 19/38 hp.
You are too injured to fight recklessly!
You are too injured to fight recklessly!
You are too injured to fight recklessly!
You are too injured to fight recklessly!
You are too injured to fight recklessly!
You are too injured to fight recklessly!
You are too injured to fight recklessly!
You are too injured to fight recklessly!
You are too injured to fight recklessly!
You are too injured to fight recklessly!
You are too injured to fight recklessly!
You are too injured to fight recklessly!
You are too injured to fight recklessly!
You are too injured to fight recklessly!
You are too injured to fight recklessly!
You are too injured to fight recklessly!
You are too injured to fight recklessly!
You are too injured to fight recklessly!
You are too injured to fight recklessly!
You are too injured to fight recklessly!
You are too injured to fight recklessly!
You barely miss the scorpion.
The scorpion is lightly wounded.
You feel sick. The scorpion completely misses you.
You take 1 damage, and have 18/38 hp.
You hit the scorpion but do no damage.
The scorpion is lightly wounded.
You feel sick. The scorpion stings you.
* * * LOW HITPOINT WARNING * * *
You are more poisoned.
The scorpion poisons you! The scorpion barely misses you.
You take 4 damage, and have 14/38 hp.
You barely miss the scorpion.
The scorpion is lightly wounded.
You feel sick. The scorpion stings you.
* * * LOW HITPOINT WARNING * * *
You take 4 damage, and have 10/38 hp.
You hit the scorpion.
The scorpion is moderately wounded.
You feel sick.
The scorpion stings you but does no damage.
You take 2 damage, and have 8/38 hp.
You barely miss the scorpion.
The scorpion is moderately wounded.
You feel sick.
The scorpion stings you but does no damage.
You take 1 damage, and have 7/38 hp.
You hit the scorpion.
The scorpion is heavily wounded.
You feel sick.
The scorpion stings you but does no damage.
You take 1 damage, and have 6/38 hp.
You closely miss the scorpion.
The scorpion is heavily wounded.
You feel sick. The scorpion stings you.
* * * LOW HITPOINT WARNING * * *
You take 2 damage, and have 4/38 hp.
You closely miss the scorpion.
The scorpion is heavily wounded.
You feel sick. The scorpion stings you.
* * * LOW HITPOINT WARNING * * *
You are lethally poisoned!
The scorpion poisons you!
The scorpion stings you but does no damage.
You take 2 damage, and have 2/38 hp.
It was a potion of resistance.
You feel protected.
You die...

██.█.███....█ █<...█
██.█.████ · · · ███...██
█.█....█ ▓ █......█
█.████.████
█.██.█.████.........███████
..██.█......███.███........▓
.███.██████.....██████████.
██ █.█ █████......█ █.█
██@███.█ █.█


█s█ ▓ ▓ ▓ █.██ █..▓▓· ██..██ ██.█ █....█ ▓.█ ███....█ ▓..· ▓ ..█....█ ██· ▓ ·
█......█ ▓· ██.....█ ▓ · You could see a scorpion.

Vanquished Creatures
  Sigmund (D:3)
  A scorpion (D:3)
  Natasha (twice) (D:2)
  3 adders
  A dart slug (D:1)
  3 ball pythons
  5 endoplasms
  A giant cockroach (D:1)
  8 goblins
  7 hobgoblins
  4 jackals (D:1)
  5 quokkas
  11 bats
  2 frilled lizards (D:3)
  8 kobolds
  4 rats
66 creatures vanquished.

Vanquished Creatures (others)
  A kobold (D:3)
1 creature vanquished.

Grand Total: 67 creatures vanquished

Notes
Turn   | Place    | Note
-------+----------+-------------------------------------------
     0 | D:1      | Goblin1989 the Meteoran Reaver began the quest for the Orb.
     0 | D:1      | Reached XP level 1. HP: 17/17 MP: 5/5
    42 | D:1      | Reached XP level 2. HP: 21/24 MP: 6/6
   240 | D:1      | Reached skill level 5 in Maces & Flails
   318 | D:1      | Reached XP level 3. HP: 17/29 MP: 8/8
   492 | D:1      | Glimpsed the power of Zot.
   540 | D:1      | Glimpsed the power of Zot.
   580 | D:1      | Glimpsed the power of Zot.
   590 | D:1      | Touched by the power of Zot.
   830 | D:2      | Reached XP level 4. HP: 28/28 MP: 9/9
   832 | D:2      | Reached skill level 6 in Maces & Flails
   846 | D:2      | Found a faded altar of an unknown god.
   852 | D:2      | Prayed at the altar of an unknown god.
   852 | D:2      | Became a worshipper of Ru the Awakened
   868 | D:2      | Gained mutation: You cannot study or cast Earth magic. [Ru
                  | sacrifice]
   868 | D:2      | Gained mutation: You cannot study or cast Hexes magic. [Ru
                  | sacrifice]
   868 | D:2      | Gained mutation: You cannot study or cast Summoning magic.
                  | [Ru sacrifice]
   868 | D:2      | Reached * piety under Ru
   911 | D:2      | Noticed Natasha
   922 | D:2      | Killed Natasha
   923 | D:2      | Reached XP level 5. HP: 7/34 MP: 10/10
  1256 | D:2      | Reached skill level 7 in Maces & Flails
  1282 | D:2      | Glimpsed the power of Zot.
  1332 | D:2      | Glimpsed the power of Zot.
  1364 | D:2      | Noticed Natasha
  1371 | D:2      | Glimpsed the power of Zot.
  1372 | D:2      | Killed Natasha
  1381 | D:2      | Touched by the power of Zot.
  1493 | D:3      | Found an ancient bone altar of Kikubaaqudgha.
  1493 | D:3      | Found a burning altar of Makhleb.
  1513 | D:3      | Reached skill level 8 in Maces & Flails
  1513 | D:3      | Reached XP level 6. HP: 21/31 MP: 11/11
  1538 | D:3      | Noticed Sigmund
  1555 | D:3      | Killed Sigmund
  1556 | D:3      | Reached skill level 9 in Maces & Flails
  1556 | D:3      | Reached XP level 7. HP: 21/38 MP: 12/12
  2071 | D:3      | Found a snail-covered altar of Cheibriados.
  2074 | D:3      | Found a broken altar of Ashenzari.
  2080 | D:3      | Glimpsed the power of Zot.
  2130 | D:3      | Glimpsed the power of Zot.
  2177 | D:4      | Found a staircase to the Ecumenical Temple.
  2244 | D:4      | Succumbed to a scorpion's poison

Illustrated notes

Levels and vault maps discovered:
D:1:      minmay_arrival_up_and_down, layout_loops_cross
D:2:      layout_loops_ring, dreamdust_ecumenical_altar_angels_and_demons,
          minmay_misc_feat_more_columns, uniq_natasha
D:3:      layout_loops_ring, grunt_temple_overflow_open,
          mainiacjoe_overflow_big_doors, kennysheep_generic_room_3, uniq_sigmund
D:4:      layout_rooms, minmay_temple_entry_gardened_gates

Skill      XL: |  1  2  3  4  5  6 |
---------------+-------------------+-----
Maces & Flails | 5 6 8 9 |  9.7
Fighting       | |  2.1
Dodging        | |  2.4
Spellcasting   | |  2.6
Conjurations   | |  3.6

Action                   |  1- 3 |  4- 6 |  7- 9 || total
-------------------------+-------+-------+-------++-------
Melee: Mace              |    84 |   111 |    65 ||   260
Invok: Sacrifice Arcana  |       |     1 |       ||     1
  Use: Potion            |       |       |     1 ||     1
Armor: Leather armour    |     6 |       |       ||     6
       Chain mail        |    55 |    82 |    41 ||   178
Dodge: Dodged            |    33 |    24 |    15 ||    72
Block: Buckler           |       |     9 |     6 ||    15

Table legend: (Time is in decaauts)
 A = Elapsed time spent in this place.
 B = Non-inter-level travel time spent in this place.
 C = Inter-level travel time spent in this place.
 D = Time resting spent in this place.
 E = Time spent auto-exploring this place.
 F = Levels seen in this place.
 G = Mean time per level.
                   A        B        C        D        E       F      G
               +--------+--------+--------+--------+--------+-----+--------+
         Total |   2263 |   2076 |    187 |      0 |   1467 |   4 |  565.8 |
       Dungeon |   2263 |   2076 |    187 |      0 |   1467 |   4 |  565.8 |
               +--------+--------+--------+--------+--------+-----+--------+

Top non-repeatable levels by time:
     D:2: 759 daAuts
     D:1: 732 daAuts
     D:3: 669 daAuts
     D:4: 101 daAuts
